 Dungeon Crawl Stone Soup version 0.30-b1-2-g02819fbbbe (webtiles) character file.

Game seed: 7188100463116231386

1714 Mesmaeker13 the Firebug (level 8, -3/57 HPs)
             Began as a Demigod Fire Elementalist on June 30, 2023.
             Slain by a kobold brigand
             ... wielding a +1 dagger of distortion
              (4 damage)
             ... on level 6 of the Dungeon.
             The game lasted 00:07:17 (5162 turns).

Mesmaeker13 the Firebug (Demigod Fire Elementalist) Turns: 5162, Time: 00:07:17

Health: -3/57      AC:  7    Str: 13    XL:     8   Next: 46%
Magic:  14/19      EV: 16    Int: 27    God:
Gold:   263        SH:  0    Dex: 14    Spells: 14/17 levels left

rFire   . . .        j - +2 hand axe (flame)
rCold   . . .        (no shield)
rNeg    . . .        w - +0 leather armour
rPois   .            t - +0 helmet
rElec   .            (no cloak)
rCorr   .            k - +2 pair of gloves
SInv    .            (no boots)
Will    .....        (no amulet)
Stlth   ++           f - +6 ring of intelligence
HPRegen 0.29/turn    y - +5 ring of evasion
MPRegen 0.16/turn

%: no passive effects
@: slowed, very slow
A: high MP 1, forlorn, divine attributes
a: no special abilities


You were on level 6 of the Dungeon.
You visited 1 branch of the dungeon, and saw 6 of its levels.
You also visited: Ossuary.

You collected 263 gold pieces.

Inventory:

Hand Weapons
 e - a +0 spear
 j - a +2 hand axe of flaming (weapon)
Armour
 k - a +2 pair of gloves (worn)
 s - a +1 hat
 t - a +0 helmet (worn)
 w - a +0 leather armour (worn)
Jewellery
 f - a +6 ring of intelligence (left hand)
 y - a +5 ring of evasion (right hand)
 C - a ring of fire
Wands
 B - a wand of digging (7)
Scrolls
 d - a scroll of enchant armour {unknown}
 g - 3 scrolls of poison
 h - 2 scrolls of teleportation {unknown}
 i - a scroll of amnesia
 l - a scroll of noise
 p - a scroll of vulnerability {unknown}
 q - a scroll of fog {unknown}
 u - a scroll of blinking
 v - a scroll of immolation {unknown}
 z - a scroll of summoning {unknown}
Potions
 a - a potion of brilliance {unknown}
 b - a potion of magic
 c - a potion of lignification {unknown}
 m - a potion of haste
 n - a potion of might {unknown}
 o - 2 potions of heal wounds {unknown}
 r - 2 potions of mutation {unknown}
 x - a potion of curing {unknown}
 A - a potion of attraction {unknown}


   Skills:
 + Level 3.9 Armour
 - Level 1.7 Dodging
 - Level 1.7 Stealth
 + Level 5.2 Spellcasting
 + Level 5.3 Conjurations
 + Level 6.0 Fire Magic


You had 14 spell levels left.
You knew the following spells:

 Your Spells              Type           Power      Damage    Failure   Level
a - Foxfire               Conj/Fire      100%       2x1d9     1%          1
b - Scorch                Fire           78%        2d8       1%          2

Your spell library contained the following spells:

 Spells                   Type           Power      Damage    Failure   Level
 Inner Flame              Hex/Fire       23%        N/A       8%          3
 Volatile Blastmotes      Fire/Tloc      46%        2d13      8%          3
 Apportation              Tloc           14%        N/A       9%          1
 Flame Wave               Conj/Fire      37%        2d10      9%          4
 Lesser Beckoning         Tloc           14%        N/A       13%         2
 Gell's Gravitas          Tloc           7%         N/A       26%         3
 Teleport Other           Tloc           7%         N/A       26%         3
 Alistair's Intoxication  Tmut/Pois      4%         N/A       94%         5


Dungeon Overview and Level Annotations

Branches:
Dungeon (6/15)             Temple (0/1) D:5         Ossuary (visited)

Annotations:
D:4 Grinder


Innate Abilities, Weirdness & Mutations

You have an increased reservoir of magic. (+10% MP)
You shall have no god before yourself.
Your divine heritage dramatically boosts your attributes as you level up.


Message History

Unknown command.
You feel very sick.
The kobold throws a stone.
The stone closely misses you.
The kobold brigand throws a curare-tipped dart.
The curare-tipped dart barely misses you.
You feel sick.
Casting: Foxfire (safe; 1% risk of failure)
Confirm with . or Enter, or press ? or * to list all spells.
You can't see any susceptible monsters within range! (Use Z to cast anyway.)
You feel sick.
The kobold brigand throws a curare-tipped dart.
The curare-tipped dart barely misses you.
Casting: Foxfire (safe; 1% risk of failure)
Confirm with . or Enter, or press ? or * to list all spells.
Flames lash the kobold brigand.
The kobold brigand is almost dead.
The kobold brigand's fire resistance burns away.
You feel sick.
You hear a shout!
The kobold brigand throws a curare-tipped dart.
The curare-tipped dart misses you.
Casting: Scorch (safe; 1% risk of failure)
Confirm with . or Enter, or press ? or * to list all spells.
Flames lash the kobold.
You kill the kobold!
You feel sick.
You are no longer poisoned.
The kobold brigand hits you with a +1 dagger of distortion.
Space warps around you.
Casting: Scorch (safe; 1% risk of failure)
Confirm with . or Enter, or press ? or * to list all spells.
You conjure some foxfire!
The kobold brigand hits you but does no damage.
Space warps horribly around you!!
* * * LOW HITPOINT WARNING * * *
The kobold brigand is no longer more vulnerable to fire.
The kobold brigand hits you with a +1 dagger of distortion.
* * * LOW HITPOINT WARNING * * *
Space warps around you.
You die...

#<......# #.###.#.#
##..###.###.#.###.#
...................
##..#######.......#
# #.#####.# #.# #v#
# #@#
#####.#K#####.#
...KK..:.......
.(...?).#######
........# #####.###
#. #. #.


You could see a kobold brigand (ally target).

Vanquished Creatures
  An unseen horror (D:5)
  A water moccasin (D:5)
  2 ice beasts (D:5)
  3 ogres (D:5)
  Blork the orc (D:4)
  A wyvern zombie (Ossuary)
  A wight (D:5)
  2 bullfrog zombies (Ossuary)
  A centaur zombie (Ossuary)
  2 jellies
  6 orc priests
  4 mummies (Ossuary)
  A sleepcap (D:4)
  3 orc wizards (D:3)
  A killer bee zombie (Ossuary)
  Robin (D:3)
  7 adders
  A white imp (D:5)
  An ufetubus (D:5)
  A worm (D:2)
  11 orcs
  5 ball pythons
  2 bats (D:2)
  7 endoplasms
  4 giant cockroaches
  12 goblins
  10 hobgoblins
  4 kobolds
  3 quokkas
  3 frilled lizards
  4 rats
106 creatures vanquished.

Vanquished Creatures (others)
  319 foxfires
319 creatures vanquished.

Grand Total: 425 creatures vanquished

Notes
Turn   | Place    | Note
-------+----------+-------------------------------------------
     0 | D:1      | Mesmaeker13 the Demigod Fire Elementalist began the quest
                  | for the Orb.
     0 | D:1      | Reached XP level 1. HP: 14/14 MP: 5/5
   193 | D:1      | Reached skill level 1 in Conjurations
   886 | D:2      | Reached XP level 2. HP: 20/20 MP: 5/7
   998 | D:2      | Reached skill level 3 in Fire Magic
  1228 | D:2      | Reached XP level 3. HP: 26/26 MP: 6/9
  1693 | D:2      | Learned a level 2 spell: Scorch
  1789 | D:2      | Reached XP level 4. HP: 10/33 MP: 0/10
  1973 | D:3      | Noticed Robin
  2307 | D:3      | Reached XP level 5. HP: 38/38 MP: 7/12
  2382 | D:3      | Reached skill level 4 in Fire Magic
  2643 | D:3      | Killed Robin
  2968 | D:3      | Reached XP level 6. HP: 45/45 MP: 10/14
  3236 | D:4      | Noticed Blork the orc
  3260 | D:4      | Killed Blork the orc
  3261 | D:4      | Reached skill level 1 in Armour
  3608 | D:4      | Found a sand-covered staircase.
  3613 | Ossuary  | Entered an ossuary
  3675 | Ossuary  | Reached XP level 7. HP: 50/50 MP: 12/16
  3761 | Ossuary  | Reached skill level 5 in Fire Magic
  3979 | D:4      | Noticed Grinder
  4042 | D:5      | Entered Level 5 of the Dungeon
  4421 | D:5      | Reached XP level 8. HP: 43/57 MP: 12/18
  4469 | D:5      | Found a staircase to the Ecumenical Temple.
  4554 | D:5      | Killed an unseen horror
  4555 | D:5      | Reached skill level 5 in Spellcasting
  4555 | D:5      | Reached skill level 5 in Conjurations
  4989 | D:5      | Reached skill level 6 in Fire Magic
  5162 | D:6      | HP: 1/57 [kobold brigand/+1 dagger of distortion (2)]
  5162 | D:6      | Slain by a kobold brigand

Illustrated notes

Levels and vault maps discovered:
D:1:      denvon_arrival_planthouse, layout_basic, serial_forest,
          infiniplex_forest_lined_2, infiniplex_forest_end_1,
          infiniplex_forest_straight_2, infiniplex_forest_clump_cross,
          infiniplex_forest_lined_room_2, infiniplex_forest_corner_1,
          hellmonk_ecumenical_altar_leap_of_faith,
          chequers_serial_rivers_micro_a
D:2:      layout_loops_ring, minmay_pentomino_s4
D:3:      layout_rooms, hangedman_ru_absence, skrybe_limestone_x,
          kennysheep_generic_room_3, uniq_robin
D:4:      layout_cave_pools, mainiacjoe_overflow_alcove_2, enter_ossuary_5,
          uniq_blork_the_orc, uniq_grinder, uniq_duvessa
D:5:      layout_basic, doesnt_xom_only_xom, temple_hall, grunt_ministairs_6,
          minmay_liquid_box
D:6:      nicolae_cairo_tiling_very_big, layout_basic, grunt_ministairs_13,
          hangedman_decor_push, kennysheep_another_room

Skill      XL: |  1  2  3  4  5  6  7  8 |
---------------+-------------------------+-----
Conjurations   | 1 2 3 4 5 |  5.3
Spellcasting   | 2 3 4 5 |  5.2
Fire Magic     | 3 4 5 6 |  6.0
Armour         | 1 3 |  3.9
Dodging        | |  1.7
Stealth        | |  1.7

Action                     |  1- 3 |  4- 6 |  7- 9 || total
---------------------------+-------+-------+-------++-------
  Melee: Spear             |     4 |       |       ||     4
         Hand axe          |       |     1 |       ||     1
  Throw: Throwing net      |       |     1 |       ||     1
   Cast: Foxfire           |    45 |    79 |    59 ||   183
         Scorch            |     6 |    10 |    18 ||    34
    Use: Scroll            |     3 |     1 |     1 ||     5
         Potion            |     1 |       |       ||     1
 Armour: Robe              |     4 |       |       ||     4
         Leather armour    |       |     4 |    24 ||    28
  Dodge: Dodged            |    10 |    11 |    40 ||    61
